 Dungeon Crawl Stone Soup version 0.24.1 (webtiles) character file.

Game seed: 1600919348032912660, levelgen mode: deterministic

105 H0rd4k the Charlatan (level 5, -2/37 HPs)
             Began as a Human Artificer on Mar 31, 2020.
             Slain by an orc
             ... wielding a +0 whip
              (3 damage)
             ... on level 3 of the Dungeon.
             The game lasted 00:02:39 (2459 turns).

H0rd4k the Charlatan (Human Artificer)              Turns: 2459, Time: 00:02:40

Health: -2/37      AC:  3    Str: 13    XL:     5   Next: 9%
Magic:  7/7        EV: 12    Int: 11    God:
Gold:   103        SH:  0    Dex: 14    Spells: 4/4 levels left

rFire    . . .     SeeInvis .   q - +0 short sword (freeze)
rCold    . . .     Gourm    .   (no shield)
rNeg     . . .     Faith    .   b - +0 leather armour
rPois    .         Spirit   .   (no helmet)
rElec    .         Reflect  .   (no cloak)
rCorr    .         Harm     .   (no gloves)
MR       .....                  (no boots)
Stlth    +.........             (no amulet)
HPRegen  0.12/turn              (no ring)
MPRegen  0.10/turn              (no ring)

@: no status effects
A: no striking features
a: no special abilities


You were on level 3 of the Dungeon.
You were very hungry.

You visited 1 branch of the dungeon, and saw 3 of its levels.

You collected 103 gold pieces.

Inventory:

Hand Weapons
 a - a +0 short sword
 n - a +1 dagger of pain
 o - a +4 dagger
 q - a +0 short sword of freezing (weapon)
Armour
 b - a +0 leather armour (worn)
 u - a +0 helmet
Wands
 c - a wand of flame (15)
 d - a wand of enslavement (15)
 e - a wand of random effects (15)
Scrolls
 g - a scroll of remove curse {unknown}
 h - a scroll of enchant armour {unknown}
 i - a scroll of noise {unknown}
 j - 3 scrolls of random uselessness {unknown}
 l - 5 scrolls of identify {unknown}
 m - a scroll of amnesia {unknown}
 r - a scroll of fear {unknown}
 s - a scroll of fog {unknown}
Potions
 k - a potion of cancellation {unknown}
 p - a potion of invisibility {unknown}
Comestibles
 f - 4 rations


   Skills:
 + Level 1.3 Fighting
 + Level 2.4 Short Blades
 + Level 1.4 Armour
 + Level 2.7 Dodging
 + Level 1.1 Stealth
 + Level 3.8 Evocations


You had 4 spell levels left.
You didn't know any spells.
Your spell library was empty.

Dungeon Overview and Level Annotations

Branches:
Dungeon (3/15)

Altars:
Makhleb
Vehumet

Annotations:
D:2 exclusion: downstairs
D:3 Robin


Message History

The orc is heavily wounded.
The orc closely misses you. The hobgoblin misses you.
The orc hits you with a +0 whip.
You hit the orc but do no damage.
The orc is heavily wounded.
The orc closely misses you. The orc barely misses you.
The hobgoblin closely misses you. The orc closely misses you.
You closely miss the orc.
The orc is heavily wounded.
The orc hits you but does no damage. The orc misses you.
The hobgoblin barely misses you. The orc hits you with a +0 whip!
* * * LOW HITPOINT WARNING * * *
You barely miss the orc.
The orc is heavily wounded.
The orc hits you with a +0 flail.
* * * LOW HITPOINT WARNING * * *
The orc hits you with a +0 whip.
* * * LOW HITPOINT WARNING * * *
The hobgoblin closely misses you. The orc hits you with a +0 whip.
You die...

#....... #
#...#..# ##.
####
......##..
.... ...
#...#.# ##.
...#####.%
..###. #.
#.......## .
#. ##
#.....$.# #.
####...goo.#
.......o@..#
####..######
#... ...# .#


You could see 3 orcs and a hobgoblin.

Vanquished Creatures
  3 adders
  An ooze (D:1)
  2 worms
  3 dart slugs (D:1)
  2 leopard geckos
  An orc (D:3)
  8 bats
  A giant cockroach (D:1)
  9 hobgoblins
  3 jackals (D:1)
  A quokka (D:2)
  6 frilled lizards
  7 goblins
  6 kobolds
  7 rats
60 creatures vanquished.

Notes
Turn   | Place    | Note
-------+----------+-------------------------------------------
     0 | D:1      | H0rd4k the Human Artificer began the quest for the Orb.
     0 | D:1      | Reached XP level 1. HP: 15/15 MP: 3/3
    89 | D:1      | Reached XP level 2. HP: 9/21 MP: 4/4
   341 | D:1      | HP: 1/21 [ooze (2)]
   342 | D:1      | Reached XP level 3. HP: 2/26 MP: 5/5
  1244 | D:2      | Reached XP level 4. HP: 30/32 MP: 6/6
  1434 | D:2      | Reached skill level 1 in Armour
  1866 | D:2      | Found a radiant altar of Vehumet.
  1867 | D:2      | Found a burning altar of Makhleb.
  1909 | D:3      | Noticed Robin
  1924 | D:3      | Reached XP level 5. HP: 16/37 MP: 7/7
  2459 | D:3      | HP: 1/37 [orc/+0 whip (5)]
  2459 | D:3      | Slain by an orc

Levels and vault maps discovered:
D:1:      saegor_arrival_simple_d, layout_rooms, minmay_distorted
D:2:      layout_basic, nicolae_overflow_hidden_temple, kennysheep_doodads
D:3:      layout_rooms, overflow_temple_1_default, first_ration, uniq_sigmund,
          uniq_robin

Skill      XL: |  1  2  3  4 |
---------------+-------------+-----
Short Blades   | 2 |  2.4
Armour         | 1 |  1.4
Fighting       | |  1.3
Dodging        | |  2.7
Stealth        | |  1.1
Evocations     | |  3.8

Action                   |  1- 3 |  4- 6 || total
-------------------------+-------+-------++-------
Melee: Short sword       |   137 |   113 ||   250
 Stab: Sleeping          |     1 |     2 ||     3
  Eat: Chunk             |     1 |     3 ||     4
Armor: Leather armour    |    52 |    23 ||    75
Dodge: Dodged            |   104 |    91 ||   195
